Map: Carnage disco EC

Players

jomare

  • Race: Protoss Protoss
  • League: Master
  • Spawn Location: 3:00

llllllllllll - Winner!

  • Race: Protoss Protoss
  • League: Master
  • Spawn Location: 9:00

VOD

Have the link to the VOD?

Description

Time

  • Played on: Oct. 5, 2019, 4:04 p.m.
  • Length: 7:23
Show
View Real Time Build Order
Export as new Build Order

jomare Protoss 

Build Orders:  

Get SALT Encoding   

  12  0:02  Probe  
  14  0:14  Probe  
  14  0:17  Pylon  
  14  0:26  Probe (Chrono Boost)  
  15  0:38  Probe (Chrono Boost)  
  15  0:39  Gateway  
  16  0:45  Probe (Chrono Boost)  
  17  0:52  Probe  
  17  0:53  Assimilator  
  18  0:57  Assimilator  
  18  1:04  Probe  
  19  1:13  Gateway  
  19  1:17  Probe  
  20  1:28  Cybernetics Core  
  20  1:29  Probe  
  21  1:35  Pylon  
  21  1:41  Probe  
  22  1:53  Probe  
  23  2:03  Warp Gate (Chrono Boost)  
  23  2:05  Sentry, Stalker  
  23  2:08  Pylon  
  27  2:17  Probe  
  28  2:30  Robotics Facility  
  28  2:59  Nexus  
  28  3:13  Shield Battery, Probe  
  28  3:14  Immortal (Chrono Boost)  
  33  3:25  Probe  
  34  3:31  Shield Battery  
  32  3:37  Probe  
  33  3:45  Stalker  
  35  3:49  Probe  
  35  3:50  Stalker  
  38  4:01  Probe  
  39  4:09  Shield Battery  
  39  4:13  Probe  
  39  4:14  Probe  
  41  4:22  Sentry x2  
  45  4:25  Observer  
  45  4:26  Probe (Chrono Boost)  
  45  4:31  Probe (Chrono Boost)  
  48  4:33  Pylon  
  48  4:36  Probe (Chrono Boost)  
  50  4:40  Probe (Chrono Boost)  
  50  4:41  Probe (Chrono Boost)  
  51  4:46  Forge  
  51  4:50  Probe  
  51  4:51  Twilight Council  
  51  4:52  Sentry  
  54  4:53  Probe  
  54  4:54  Gateway  
  55  5:03  Pylon  
  55  5:04  Immortal  
  59  5:08  Probe  
  59  5:10  Probe  
  61  5:16  Protoss Ground Weapons Level 1 (Chrono Boost)  
  61  5:20  Probe  
  62  5:22  Probe  
  62  5:27  Gateway  
  63  5:29  Resonating Glaives (Chrono Boost)  
  63  5:34  Gateway  
  63  5:35  Gateway  
  63  5:48  Observer  
  63  5:52  Warp Prism  
  63  5:53  Gateway  
  63  5:54  Gateway  
  65  5:59  Gateway  
  65  6:01  Pylon  
  65  6:05  Adept  
  65  6:07  Adept  
  69  6:15  Pylon  
  69  6:20  Pylon, Adept x2  
  73  6:30  Adept x2  
  77  6:33  Adept  
  79  6:47  Pylon  
  79  6:49  Adept x2  
  79  6:50  Adept x3  
  79  6:51  Adept  
  89  7:13  Adept x5  
  89  7:14  Adept x2  
Show
View Real Time Build Order
Export as new Build Order

llllllllllll Protoss - Winner!

Build Orders: Zealot Archon 

Get SALT Encoding   

  12  0:01  Probe  
  13  0:13  Probe  
  14  0:17  Pylon  
  14  0:25  Probe (Chrono Boost)  
  15  0:37  Gateway, Probe (Chrono Boost)  
  15  0:42  Probe (Chrono Boost)  
  16  0:46  Assimilator  
  17  0:53  Probe  
  17  0:55  Assimilator  
  18  1:06  Probe  
  18  1:10  Gateway  
  19  1:18  Probe  
  20  1:24  Cybernetics Core  
  20  1:30  Probe  
  21  1:34  Pylon  
  21  1:42  Probe  
  22  1:54  Probe  
  22  2:00  Sentry, Stalker  
  27  2:03  Warp Gate  
  27  2:06  Probe  
  28  2:12  Pylon  
  28  2:18  Probe  
  29  2:23  Pylon  
  29  2:29  Adept x2 (Chrono Boost)  
  33  2:52  Nexus  
  33  3:01  Sentry  
  33  3:02  Stalker  
  37  3:12  Robotics Facility  
  37  3:14  Probe  
  38  3:26  Probe  
  39  3:41  Forge  
  39  3:51  Pylon  
  39  4:03  Immortal (Chrono Boost), Probe  
  39  4:05  Pylon  
  39  4:08  Probe  
  45  4:13  Shield Battery  
  45  4:15  Probe  
  44  4:18  Protoss Ground Weapons Level 1 (Chrono Boost)  
  44  4:20  Probe  
  44  4:33  Shield Battery  
  47  4:38  Immortal (Chrono Boost)  
  47  4:45  Probe x2  
  49  4:57  Probe x2, Stalker x2  
  55  5:05  Twilight Council  
  55  5:09  Probe  
  55  5:14  Observer (Chrono Boost), Probe  
  58  5:21  Probe  
  59  5:26  Probe  
  59  5:28  Zealot x2  
  62  5:32  Immortal  
  62  5:35  Probe  
  69  5:44  Gateway  
  69  5:45  Charge (Chrono Boost)  
  69  5:46  Pylon  
  69  5:47  Assimilator  
  69  5:51  Assimilator  
  69  5:54  Pylon  
  69  5:58  Probe  
  69  6:02  Pylon  
  70  6:04  Probe  
  70  6:11  Templar Archives  
  71  6:13  Zealot x2  
  75  6:19  Shield Battery  
  75  6:27  Gateway  
  75  6:28  Gateway  
  75  6:36  Zealot x2  
  79  6:46  Shield Battery  
  79  6:55  Shield Battery  
  79  6:56  High Templar x2  
  79  6:57  Zealot  
  79  7:00  Archon  
  85  7:08  Pylon  
  81  7:20  Zealot  
Tags
 
Composition
Zealot Archon
Matchup
PvP
Spawn Locations
Cross Positions
Add a new tag
Caveats
  • Supply blocks, unpowered buildings, or Contaminate may cause inaccurate times.
  • Supply counts are checked every 10 seconds.